 Dungeon Crawl Stone Soup version 0.30-a0-840-ga523dec638 (webtiles) character file.

Game seed: 9497582355567416174

38 bjtr the Digger (level 3, -2/19 HPs)
             Began as a Gargoyle Earth Elementalist on Mar 2, 2023.
             Killed by divine providence
             ... invoked by an orc priest
              (15 damage)
             ... on level 3 of the Dungeon.
             The game lasted 00:06:26 (1844 turns).

bjtr the Digger (Gargoyle Earth Elementalist)       Turns: 1844, Time: 00:06:26

Health: -2/19      AC:  8    Str: 11    XL:     3   Next: 43%
Magic:  5/6        EV: 11    Int: 17    God:
Gold:   61         SH:  0    Dex: 10    Spells: 0/6 levels left

rFire   + . .      SeeInvis .    r - +0 rapier
rCold   . . .      Faith    .    (no shield)
rNeg    + . .      Spirit   .    e - +1 leather armour {rF+}
rPois   ∞          Reflect  .    s - +0 helmet
rElec   +          Harm     .    (no cloak)
rCorr   .          Rampage  .    (no gloves)
Will    .....                    (no boots)
Stlth   ++                       (no amulet)
HPRegen 0.23/turn                (no ring)
MPRegen 0.10/turn                (no ring)

@: no status effects
A: sickness immunity, AC +3, negative energy resistance 1, electricity
resistance, torment resistance 1, petrification resistance
a: no special abilities


You were on level 3 of the Dungeon.
You visited 1 branch of the dungeon, and saw 3 of its levels.

You collected 61 gold pieces.

Inventory:

Hand Weapons
 c - a +0 short sword
 d - a +0 sling
 m - a +0 mace
 p - a +0 quarterstaff
 r - a +0 rapier (weapon)
Missiles
 o - 5 curare-tipped darts
Armour
 a - a +0 robe
 e - a +1 leather armour of fire resistance (worn)
 s - a +0 helmet (worn)
Scrolls
 g - a scroll of blinking {unknown}
 h - 2 scrolls of vulnerability
 j - a scroll of enchant weapon {unknown}
Potions
 b - 2 potions of magic
 f - a potion of degeneration {unknown}
 i - a potion of attraction {unknown}
 k - 2 potions of curing
 l - a potion of brilliance
 n - a potion of berserk rage {unknown}
 q - a potion of ambrosia {unknown}


   Skills:
 + Level 0.4 Armour
 - Level 1.5 Dodging
 + Level 2.2 Stealth
 + Level 2.4 Spellcasting
 - Level 0.7 Transmutations
 * Level 4.8 Earth Magic


You couldn't memorise any spells.
You knew the following spells:

 Your Spells              Type           Power      Damage    Failure   Level
a - Sandblast             Erth           36%        2d10      3%          1
b - Passwall              Tmut/Erth      9%         N/A       12%         2
c - Stone Arrow           Conj/Erth      20%        3d8       26%         3

Your spell library contained the following spells:

 Spells                   Type           Power      Damage    Failure   Level
 Necrotise                Necr           8%         1d4       24%         1
 Blink                    Tloc           4%         N/A       36%         2
 Lesser Beckoning         Tloc           4%         N/A       36%         2
 Momentum Strike          Conj/Tloc      4%         3d8       36%         2
 Vampiric Draining        Necr           2%         2d6       58%         3
 Petrify                  Tmut/Erth      11%        N/A       61%         4
 Borgnjor's Vile Clutch   Necr/Erth      5%         N/A       94%         5
 Alistair's Intoxication  Tmut/Pois      2%         N/A       99%         5
 Agony                    Necr           2%         N/A       100%        5
 Eringya's Noxious Bog    Tmut/Pois      1%         N/A       100%        6


Dungeon Overview and Level Annotations

Branches:
Dungeon (3/15)

Altars:


Innate Abilities, Weirdness & Mutations

You are immune to sickness and miasma.
Your stone body is resilient. (AC +3)
You are immune to poison.
You resist negative energy. (rN+)
You are resistant to electric shocks. (rElec)
You are resistant to unholy torment.
You are immune to petrification.


Message History

Aiming: Sandblast (safe; 3% risk of failure)
Press: ? - help, Shift-Dir - straight line, f - bat
Aim: a bat (severely wounded, 73% to hit)
The blast of sand misses the bat.
The bat misses you. The bat hits you but does no damage.
Casting: Sandblast (safe; 3% risk of failure)
Confirm with . or Enter, or press ? or * to list all spells.
Aiming: Sandblast (safe; 3% risk of failure)
Press: ? - help, Shift-Dir - straight line, f/p - bat
Aim: a bat (severely wounded, 73% to hit)
The blast of sand hits the bat!
You kill the bat!
Found a helmet.
You see here a +0 helmet.
s - a +0 helmet You start putting on your armour.
You continue putting on your +0 helmet. x4
You finish putting on your +0 helmet.
There is an escape hatch in the ceiling here.
Done exploring.
Done exploring.
There is a stone staircase leading down here.
You climb downwards.
Found 11 gold pieces.
There is a stone staircase leading up here.
Casting: Sandblast (safe; 3% risk of failure)
Confirm with . or Enter, or press ? or * to list all spells.
You can't see any susceptible monsters within range! (Use Z to cast anyway.)
Casting: Sandblast (safe; 3% risk of failure)
Confirm with . or Enter, or press ? or * to list all spells.
Aiming: Sandblast (safe; 3% risk of failure)
Press: ? - help, Shift-Dir - straight line, f - orc
Aim: an orc, wielding a +0 flail (82% to hit)
The blast of sand hits the orc!
You kill the orc!
The orc priest mumbles some strange prayers to Beogh against you.
Pain shoots through your body!
The orc priest mumbles some strange prayers to Beogh against you.
Beogh smites you!
Ouch! That really hurt!
You die...

. .. ##. #####
..$ #... #.#..
#..####o#
......#.....o.#
#...@..#####
K.......###
...#.#... ....
..... ...
....... #.
........# #
.........#
..........#


You could see an orc priest, an orc and a kobold (asleep).

Vanquished Creatures
  An adder (D:2)
  A dart slug (D:1)
  An orc (D:3)
  2 giant cockroaches
  A goblin (D:1)
  3 jackals (D:1)
  2 quokkas (D:2)
  3 ball pythons
  5 bats (D:2)
  A frilled lizard (D:1)
  4 kobolds
  2 rats
26 creatures vanquished.

Vanquished Creatures (others)
  4 toadstools (D:1)
4 creatures vanquished.

Grand Total: 30 creatures vanquished

Notes
Turn   | Place    | Note
-------+----------+-------------------------------------------
     0 | D:1      | bjtr the Gargoyle Earth Elementalist began the quest for
                  | the Orb.
     0 | D:1      | Reached XP level 1. HP: 10/10 MP: 3/3
   289 | D:1      | Reached skill level 4 in Earth Magic
   314 | D:1      | Reached XP level 2. HP: 15/15 MP: 0/5
   317 | D:1      | Learned a level 2 spell: Passwall
  1137 | D:2      | Reached XP level 3. HP: 14/19 MP: 0/6
  1141 | D:2      | Learned a level 3 spell: Stone Arrow
  1350 | D:2      | Found a faded altar of an unknown god.
  1844 | D:3      | Killed from afar by an orc priest

Illustrated notes

Levels and vault maps discovered:
D:1:      ldierk_walled_garden_2, layout_basic, nicolae_eternal_life,
          roderic_serpentine_path, grunt_decor_mini_mirrors
D:2:      layout_loops_ring, shapermc_ecumenical_altar_petra
D:3:      minmay_angry_zag, layout_rooms, dancing_weapons_uskayaw,
          serial_park_tiny_2

Skill      XL: |  1 |
---------------+----+-----
Earth Magic    | 4 |  4.8
Armour         | |  0.4
Dodging        | |  1.5
Stealth        | |  2.2
Spellcasting   | |  2.4
Transmutations | |  0.7

Action                     || total
---------------------------++-------
  Melee: Short sword       ||    23
         Rapier            ||     6
   Cast: Sandblast         ||    34
    Use: Scroll            ||     7
 Armour: Leather armour    ||    28
  Dodge: Dodged            ||    30

Table legend: (Time is in decaauts)
 A = Elapsed time spent in this place.
 B = Non-inter-level travel time spent in this place.
 C = Inter-level travel time spent in this place.
 D = Time resting spent in this place.
 E = Time spent auto-exploring this place.
 F = Levels seen in this place.
 G = Mean time per level.
                   A        B        C        D        E       F      G
               +--------+--------+--------+--------+--------+-----+--------+
         Total |   1860 |   1837 |     23 |     68 |   1401 |   3 |  620.0 |
       Dungeon |   1860 |   1837 |     23 |     68 |   1401 |   3 |  620.0 |
               +--------+--------+--------+--------+--------+-----+--------+

Top non-repeatable levels by time:
     D:1: 1070 daAuts
     D:2: 787 daAuts
     D:3: 3 daAuts
